Maroons vs Sharks

Created - 6 février 2018 at 19:28

Goals
1 2 3 OT1 SO T
Maroons 1 0 2 0 1 4
Sharks 2 0 1 0 0 3
Shots
1 2 3 OT1 SO T
Maroons 7 9 14 0 3 30
Sharks 15 11 2 7 3 35

1st period

1. Sharks , Patric Hornqvist 20 (Dylan Larkin 20, Sidney Crosby 37) at 2:28
2. Maroons , Brendan Gallagher 5 (Matt Duchene 21) at 12:05
3. Sharks , Jonathan Huberdeau 23 (Sidney Crosby 38) at 13:14 (PP)

Penalties :
Christopher Tanev (MON) for Holding (Minor) at 12:57

2nd period

No Goal

Penalties :
Braydon Coburn (SJS) for Roughing (Minor) at 2:42, Matthew Tkachuk (MON) for Roughing (Minor) at 12:41

3rd period

4. Maroons , Zack Kassian 4 (Pierre-Luc Dubois 1, Jacob Trouba 13) at 3:43
5. Maroons , Matthew Tkachuk 14 (Torey Krug 16, Jakub Voracek 32) at 5:29
6. Sharks , Jonathan Drouin 21 (Dylan Larkin 21) at 9:19 (PP)

Penalties :
Brendan Gallagher (MON) for Cross-checking (Minor) at 6:09, Zack Kassian (MON) for Hooking (Minor) at 9:12, Nick Schultz (MON) for Hooking (Minor) at 13:18

Overtime #1

No Goal

Penalties :
No Penalty

Shootout

Penalty Shot by Jakub Voracek for Maroons - Stopped by Joonas Korpisalo
Penalty Shot by Sidney Crosby for Sharks - Stopped by Chad Johnson
Penalty Shot by Matt Duchene for Maroons - Stopped by Joonas Korpisalo
Penalty Shot by Gabriel Landeskog for Sharks - Stopped by Chad Johnson
Penalty Shot by Bo Horvat for Maroons - Goal!
Penalty Shot by Jonathan Huberdeau for Sharks - Stopped by Chad Johnson

Penalties :
No Penalty

Goalie Stats

Chad Johnson (MON), 32 saves from 35 shots - (0,914), W, 4-3-1, 65:00 minutes
Joonas Korpisalo (SJS), 27 saves from 30 shots - (0,900), OTL, 9-5-1, 65:00 minutes

Players Stats for Maroons

Player Name              G  A  P  +/- PIM S  H  SB GA TA FO     MP     PP MP  PK MP  
------------------------------------------------------------------------------------
Beau Bennett             0  0  0   0  0   6  0  0  2  0  0/0    10:09   0:00   0:00 
Bo Horvat                0  0  0   1  0   2  3  0  0  0  7/17   21:58   0:56   1:29 
Brendan Gallagher        1  0  1   0  2   3  1  0  2  0  1/1    14:39   0:56   0:00 
Cal Clutterbuck          0  0  0   0  0   0  1  0  0  1  0/0    14:19   0:56   0:27 
Carl Gunnarsson          0  0  0  -1  0   2  1  3  1  0  0/0    14:20   0:00   0:00 
Christopher Tanev        0  0  0   2  2   0  1  2  1  0  0/0    22:06   0:45   2:17 
Erik Karlsson            0  0  0   1  0   2  0  0  2  1  0/0    27:09   1:14   4:04 
Frederik Gauthier        0  0  0   0  0   0  0  0  1  1  1/3    10:03   0:00   0:00 
Jacob Trouba             0  1  1   1  0   2  1  1  0  1  0/0    25:43   1:14   4:04 
Jakub Voracek            0  1  1   1  0   0  2  2  2  1  2/9    24:04   1:03   3:27 
John Hayden              0  0  0   0  0   0  1  0  0  0  0/0    10:05   0:00   0:00 
Matt Duchene             0  1  1   0  0   1  0  1  0  0  8/18   18:19   1:03   3:30 
Matthew Tkachuk          1  0  1   1  2   4  0  0  0  0  1/1    21:17   1:03   1:02 
Nick Schmaltz            0  0  0   1  0   3  0  0  0  1  1/3    12:41   0:00   0:00 
Nick Schultz             0  0  0  -1  2   0  0  0  0  1  0/0    14:36   0:00   0:00 
Pierre-Luc Dubois        0  1  1   1  0   2  0  0  0  0  0/1    13:34   0:00   1:25 
Torey Krug               0  1  1   2  0   2  0  0  0  0  0/0    20:00   0:45   2:17 
Zack Kassian             1  0  1   1  2   1  2  0  0  0  0/0    13:23   0:00   1:22 

Players Stats for Sharks

Player Name              G  A  P  +/- PIM S  H  SB GA TA FO     MP     PP MP  PK MP  
------------------------------------------------------------------------------------
Alex Pietrangelo         0  0  0  -1  0   0  2  2  0  1  0/0    21:58   3:37   1:17 
Boone Jenner             0  0  0  -1  0   1  2  0  0  1  2/7    16:10   0:08   0:56 
Braydon Coburn           0  0  0  -1  2   1  2  2  0  1  0/0    22:24   3:37   0:00 
Brian Gibbons            0  0  0  -1  0   1  0  0  0  1  1/1     9:27   0:10   0:56 
Colton Sceviour          0  0  0  -1  0   1  2  0  1  0  2/3     9:03   0:00   0:59 
Dan Girardi              0  0  0   1  0   2  2  5  0  3  0/0    19:43   0:00   1:17 
Dylan Larkin             0  2  2   0  0   3  1  0  1  0  7/12   17:31   2:58   0:00 
Gabriel Landeskog        0  0  0   0  0   0  3  1  2  0  1/1    19:24   2:58   0:00 
Jonathan Drouin          1  0  1   0  0   3  4  1  0  0  1/1    19:18   2:58   0:00 
Jonathan Huberdeau       1  0  1  -1  0   3  1  0  0  0  0/0    17:52   2:28   0:04 
Justin Braun             0  0  0   1  0   2  1  1  0  0  0/0    23:41   1:58   0:42 
Mikkel Boedker           0  0  0  -1  0   0  0  0  1  1  0/0    13:37   0:00   0:04 
Patric Hornqvist         1  0  1   0  0   4  3  2  1  1  2/4    19:22   3:10   0:00 
Sidney Crosby            0  2  2   0  0   6  1  0  0  0  15/22  19:44   2:40   0:00 
Steve Bernier            0  0  0  -1  0   3  4  0  0  0  0/0     9:39   0:39   0:59 
Teuvo Teravainen         0  0  0   0  0   2  0  1  1  1  1/2    15:53   0:54   0:00 
Tyson Barrie             0  0  0  -2  0   1  3  3  0  0  0/0    19:10   2:44   0:00 
Zach Werenski            0  0  0  -2  0   2  0  0  0  1  0/0    16:42   0:46   0:42 

3 Stars

1 - Jonathan Drouin (SJS)
2 - Patric Hornqvist (SJS)
3 - Jakub Voracek (MON)

Power Play

Maroons - 0 on 1 Attempt(s) - 0,00%
Sharks - 2 on 5 Attempt(s) - 40,00%

Penalty Kill

Maroons - 3 on 5 Attempt(s) - 60,00% - Score 0 goal in Penalty Kill
Sharks - 1 on 1 Attempt(s) - 100,00% - Score 0 goal in Penalty Kill

Team Stat

Maroons - Hits : 13 - Faceoff Wins : 21 - Blocked Shots : 9 - Penalty Minutes : 10
Sharks - Hits : 31 - Faceoff Wins : 32 - Blocked Shots : 18 - Penalty Minutes : 2

Official

Referees : Dennis LaRue and Dave Lewis
Linesman : David Brisebois and Jay Sharrers

Game Notes

No Game Note

Finance

Level 1 -- Attendance: 4659 (77,65%) -- Ticket Income 465 900 $
Level 2 -- Attendance: 5000 (100,00%) -- Ticket Income 300 000 $
Level 3 -- Attendance: 2000 (100,00%) -- Ticket Income 70 000 $
Level 4 -- Attendance: 4000 (100,00%) -- Ticket Income 80 000 $
Luxury Box -- Attendance: 723 (72,30%) -- Ticket Income 144 600 $
Game was played at the Wananiche.
Total Attendance: 16382 (91,01%)
Total Ticket Income: 1 060 500 $
Other Income: 519 645 $
Total Income: 1 580 145 $

Maroons

5 vs 5 Forward 
   Center                   Left Wing                Right Wing               Time % Phy DF OF 
 1 Bo Horvat                Matthew Tkachuk          Jakub Voracek            40     1   2  2  
 2 Matt Duchene             Cal Clutterbuck          Brendan Gallagher        30     1   2  2  
 3 Nick Schmaltz            Pierre-Luc Dubois        Zack Kassian             20     1   2  2  
 4 Frederik Gauthier        John Hayden              Beau Bennett             10     1   2  2  

5 vs 5 Defense 
   Defense                  Defense                                           Time % Phy DF OF 
 1 Erik Karlsson            Jacob Trouba                                      40     1   2  2  
 2 Christopher Tanev        Torey Krug                                        30     1   2  2  
 3 Nick Schultz             Carl Gunnarsson                                   20     1   2  2  
 4 Erik Karlsson            Christopher Tanev                                 10     1   2  2  

PowerPlay Forward 
   Center                   Left Wing                Right Wing               Time % Phy DF OF 
 1 Matt Duchene             Matthew Tkachuk          Jakub Voracek            60     1   2  2  
 2 Bo Horvat                Cal Clutterbuck          Brendan Gallagher        40     1   2  2  

PowerPlay Defense
   Defense                  Defense                                           Time % Phy DF OF 
 1 Erik Karlsson            Jacob Trouba                                      60     1   2  2  
 2 Christopher Tanev        Torey Krug                                        40     1   2  2  

Penalty Kill 4 Players Forward 
   Center                   Wing                     Time % Phy DF OF 
 1 Jakub Voracek            Matt Duchene             60     1   2  2  
 2 Bo Horvat                Matthew Tkachuk          40     1   2  2  

Penalty Kill 4 Players Defense
   Defense                  Defense                  Time % Phy DF OF 
 1 Erik Karlsson            Jacob Trouba             60     1   2  2  
 2 Christopher Tanev        Torey Krug               40     1   2  2  

Penalty Kill - 3 Players Forward 
   Forward                                           Time % Phy DF OF 
 1 Jakub Voracek                                     60     1   2  2  
 2 Matt Duchene                                      40     1   2  2  

Penalty Kill - 3 Players Defense
   Defense                  Defense                  Time % Phy DF OF 
 1 Erik Karlsson            Jacob Trouba             60     1   2  2  
 2 Christopher Tanev        Torey Krug               40     1   2  2  

4 vs 4 Forward 
   Center                   Wing                     Time % Phy DF OF 
 1 Jakub Voracek            Matt Duchene             60     1   2  2  
 2 Bo Horvat                Matthew Tkachuk          40     1   2  2  

4 vs 4 Defense
   Defense                  Defense                  Time % Phy DF OF 
 1 Erik Karlsson            Jacob Trouba             60     1   2  2  
 2 Christopher Tanev        Torey Krug               40     1   2  2  

Last Minutes Offensive
   Center                   Left Wing                Right Wing               Defense                  Defense                  
   Matt Duchene             Matthew Tkachuk          Jakub Voracek            Erik Karlsson            Jacob Trouba             

Last Minutes Defensive
   Center                   Left Wing                Right Wing               Defense                  Defense                  
   Matt Duchene             Matthew Tkachuk          Jakub Voracek            Erik Karlsson            Jacob Trouba             

Goaltenders
Starting : Chad Johnson             
Backup : John Gibson              

Extra Forwards
Normal : Frederik Gauthier, Nick Schmaltz, Zack Kassian - PP : Frederik Gauthier, Nick Schmaltz - PK : Zack Kassian
Extra Defensemen
Normal : Nick Schultz, Carl Gunnarsson, Erik Karlsson - PP : Nick Schultz - PK : Carl Gunnarsson, Erik Karlsson
Penalty Shots
Jakub Voracek, Matt Duchene, Bo Horvat, Matthew Tkachuk, Brendan Gallagher
Custom OT Lines Forwards
Jakub Voracek, Matt Duchene, Bo Horvat, Matthew Tkachuk, Brendan Gallagher, Cal Clutterbuck, Nick Schmaltz, Zack Kassian, Beau Bennett, Pierre-Luc Dubois
Custom OT Lines Defensemen
Erik Karlsson, Jacob Trouba, Christopher Tanev, Torey Krug, Nick Schultz

Scratches
None

Sharks

5 vs 5 Forward 
   Center                   Left Wing                Right Wing               Time % Phy DF OF 
 1 Sidney Crosby            Gabriel Landeskog        Jonathan Drouin          36     0   1  4  
 2 Dylan Larkin             Patric Hornqvist         Teuvo Teravainen         34     0   1  4  
 3 Boone Jenner             Jonathan Huberdeau       Mikkel Boedker           25     0   1  4  
 4 Colton Sceviour          Brian Gibbons            Steve Bernier            5      0   1  4  

5 vs 5 Defense 
   Defense                  Defense                                           Time % Phy DF OF 
 1 Alex Pietrangelo         Braydon Coburn                                    36     0   1  4  
 2 Justin Braun             Dan Girardi                                       34     0   1  4  
 3 Zach Werenski            Tyson Barrie                                      30     0   1  4  
 4 Alex Pietrangelo         Braydon Coburn                                    0      0   1  4  

PowerPlay Forward 
   Center                   Left Wing                Right Wing               Time % Phy DF OF 
 1 Sidney Crosby            Jonathan Huberdeau       Patric Hornqvist         55     0   1  4  
 2 Dylan Larkin             Jonathan Drouin          Gabriel Landeskog        45     0   1  4  

PowerPlay Defense
   Defense                  Defense                                           Time % Phy DF OF 
 1 Alex Pietrangelo         Braydon Coburn                                    55     0   1  4  
 2 Justin Braun             Tyson Barrie                                      45     0   1  4  

Penalty Kill 4 Players Forward 
   Center                   Wing                     Time % Phy DF OF 
 1 Colton Sceviour          Steve Bernier            55     0   5  0  
 2 Boone Jenner             Brian Gibbons            45     0   5  0  

Penalty Kill 4 Players Defense
   Defense                  Defense                  Time % Phy DF OF 
 1 Alex Pietrangelo         Braydon Coburn           55     0   5  0  
 2 Justin Braun             Dan Girardi              45     0   5  0  

Penalty Kill - 3 Players Forward 
   Forward                                           Time % Phy DF OF 
 1 Colton Sceviour                                   55     1   4  0  
 2 Steve Bernier                                     45     1   4  0  

Penalty Kill - 3 Players Defense
   Defense                  Defense                  Time % Phy DF OF 
 1 Alex Pietrangelo         Braydon Coburn           55     1   4  0  
 2 Justin Braun             Dan Girardi              45     1   4  0  

4 vs 4 Forward 
   Center                   Wing                     Time % Phy DF OF 
 1 Dylan Larkin             Jonathan Drouin          55     1   2  2  
 2 Colton Sceviour          Steve Bernier            45     1   2  2  

4 vs 4 Defense
   Defense                  Defense                  Time % Phy DF OF 
 1 Alex Pietrangelo         Braydon Coburn           55     1   2  2  
 2 Justin Braun             Dan Girardi              45     1   2  2  

Last Minutes Offensive
   Center                   Left Wing                Right Wing               Defense                  Defense                  
   Sidney Crosby            Gabriel Landeskog        Jonathan Drouin          Justin Braun             Alex Pietrangelo         

Last Minutes Defensive
   Center                   Left Wing                Right Wing               Defense                  Defense                  
   Sidney Crosby            Gabriel Landeskog        Jonathan Drouin          Justin Braun             Alex Pietrangelo         

Goaltenders
Starting : Joonas Korpisalo         
Backup : Jake Allen               

Extra Forwards
Normal : Boone Jenner, Dylan Larkin, Mikkel Boedker - PP : Boone Jenner, Dylan Larkin - PK : Mikkel Boedker
Extra Defensemen
Normal : Zach Werenski, Dan Girardi, Justin Braun - PP : Zach Werenski - PK : Dan Girardi, Justin Braun
Penalty Shots
Sidney Crosby, Gabriel Landeskog, Jonathan Huberdeau, Jonathan Drouin, Patric Hornqvist
Custom OT Lines Forwards
Sidney Crosby, Gabriel Landeskog, Jonathan Huberdeau, Jonathan Drouin, Patric Hornqvist, Boone Jenner, Teuvo Teravainen, Dylan Larkin, Mikkel Boedker, Colton Sceviour
Custom OT Lines Defensemen
Justin Braun, Braydon Coburn, Tyson Barrie, Dan Girardi, Zach Werenski

Scratches
Mark Borowiecki (Healthy), Kenny Agostino (Strained Groin Injury)

% Time on Ice - Maroons

Lines # - Real PCT - Wanted PCT - Time Play
Normal Forward
1 - 33% - 40% - 17:18
2 - 27% - 30% - 13:51
3 - 21% - 20% - 10:42
4 - 19% - 10% - 9:49
Normal Defense
1 - 35% - 40% - 18:16
2 - 34% - 30% - 17:45
3 - 27% - 20% - 14:01
4 - 3% - 10% - 1:38
PP Forward
1 - 53% - 60% - 1:03
2 - 47% - 40% - 0:56
PP Defense
1 - 62% - 60% - 1:14
2 - 38% - 40% - 0:45
PK Forward
1 - 77% - 60% - 4:52
2 - 23% - 40% - 1:29
PK Defense
1 - 64% - 60% - 4:04
2 - 36% - 40% - 2:17
PK3 Forward
1 - 0% - 60%
2 - 0% - 40%
PK3 Defense
1 - 0% - 60%
2 - 0% - 40%
44 Forward
1 - 0% - 60%
2 - 0% - 40%
44 Defense
1 - 0% - 60%
2 - 0% - 40%
Last Minute Offensive  - 0:00
Last Minute Defensive  - 0:00
Total
Forward - 60:00
Defense - 60:00

% Time on Ice - Sharks

Lines # - Real PCT - Wanted PCT - Time Play
Normal Forward
1 - 28% - 36% - 14:42
2 - 33% - 34% - 17:06
3 - 25% - 25% - 13:03
4 - 13% - 5% - 6:49
Normal Defense
1 - 34% - 36% - 17:34
2 - 37% - 34% - 19:12
3 - 29% - 30% - 14:54
4 - 0% - 0% - 0:00
PP Forward
1 - 40% - 55% - 2:31
2 - 60% - 45% - 3:50
PP Defense
1 - 60% - 55% - 3:47
2 - 40% - 45% - 2:34
PK Forward
1 - 53% - 55% - 1:03
2 - 47% - 45% - 0:56
PK Defense
1 - 100% - 55% - 1:59
2 - 0% - 45% - 0:00
PK3 Forward
1 - 0% - 55%
2 - 0% - 45%
PK3 Defense
1 - 0% - 55%
2 - 0% - 45%
44 Forward
1 - 0% - 55%
2 - 0% - 45%
44 Defense
1 - 0% - 55%
2 - 0% - 45%
Last Minute Offensive  - 0:00
Last Minute Defensive  - 0:00
Total
Forward - 60:00
Defense - 60:00

Play by Play

1st period


0:01 of 1st period - Bo Horvat wins face-off versus Sidney Crosby in neutral zone.
0:36 of 1st period - Slapshot by Erik Karlsson.
0:36 of 1st period - Stopped by Joonas Korpisalo with a rebound.
0:38 of 1st period - Snap shot by Jacob Trouba.
0:38 of 1st period - Shot Hit the Post.
0:40 of 1st period - Slapshot by Erik Karlsson.
0:40 of 1st period - Shot Misses the Net.
0:50 of 1st period - Wrist shot by Teuvo Teravainen.
0:50 of 1st period - Stopped by Chad Johnson without a rebound.
0:51 of 1st period - Dylan Larkin wins face-off versus Matt Duchene in Maroons zone.
1:02 of 1st period - Snap shot by Teuvo Teravainen.
1:02 of 1st period - Shot Misses the Net.
1:18 of 1st period - Bo Horvat is hit by Tyson Barrie and loses puck.
2:28 of 1st period - Wrist shot by Patric Hornqvist.
2:28 of 1st period - Goal by Patric Hornqvist - Maroons : 0 - Sharks : 1.
2:29 of 1st period - Boone Jenner wins face-off versus Bo Horvat in neutral zone.
2:42 of 1st period - Backhand shot by Jonathan Huberdeau.
2:42 of 1st period - Shot Blocked by Carl Gunnarsson.
3:01 of 1st period - Slapshot by Dylan Larkin.
3:01 of 1st period - Shot Blocked by Carl Gunnarsson.
3:24 of 1st period - Wrist shot by Colton Sceviour.
3:24 of 1st period - Deflect By Steve Bernier.
3:24 of 1st period - Stopped by Chad Johnson with a rebound.
3:26 of 1st period - Wrist shot by Colton Sceviour.
3:26 of 1st period - Stopped by Chad Johnson with a rebound.
4:20 of 1st period - Christopher Tanev is hit by Jonathan Drouin and loses puck.
4:48 of 1st period - Wrist shot by Mikkel Boedker.
4:48 of 1st period - Shot Blocked by Christopher Tanev.
4:58 of 1st period - Slapshot by Steve Bernier.
4:58 of 1st period - Deflect By Brian Gibbons.
4:58 of 1st period - Stopped by Chad Johnson with a rebound.
5:04 of 1st period - Zack Kassian is hit by Steve Bernier and loses puck.
6:22 of 1st period - Snap shot by Matthew Tkachuk.
6:22 of 1st period - Shot Misses the Net.
6:28 of 1st period - Wrist shot by Colton Sceviour.
6:28 of 1st period - Shot Misses the Net.
6:30 of 1st period - Snap shot by Steve Bernier.
6:30 of 1st period - Stopped by Chad Johnson with a rebound.
7:09 of 1st period - Snap shot by Tyson Barrie.
7:09 of 1st period - Stopped by Chad Johnson with a rebound.
7:11 of 1st period - Snap shot by Patric Hornqvist.
7:11 of 1st period - Shot Misses the Net.
7:13 of 1st period - Slapshot by Patric Hornqvist.
7:13 of 1st period - Stopped by Chad Johnson with a rebound.
7:23 of 1st period - Braydon Coburn is hit by Bo Horvat and loses puck.
7:52 of 1st period - Christopher Tanev is hit by Braydon Coburn and loses puck.
8:31 of 1st period - Wrist shot by Dylan Larkin.
8:31 of 1st period - Stopped by Chad Johnson without a rebound.
8:32 of 1st period - Brendan Gallagher wins face-off versus Dylan Larkin in Maroons zone.
8:32 of 1st period - Brendan Gallagher is hit by Patric Hornqvist.
9:10 of 1st period - Snap shot by Sidney Crosby.
9:10 of 1st period - Stopped by Chad Johnson without a rebound.
9:11 of 1st period - Matt Duchene wins face-off versus Boone Jenner in Maroons zone.
9:16 of 1st period - Slapshot by Brendan Gallagher.
9:16 of 1st period - Stopped by Joonas Korpisalo with a rebound.
9:44 of 1st period - Slapshot by Nick Schmaltz.
9:44 of 1st period - Shot Misses the Net.
10:18 of 1st period - Snap shot by Zack Kassian.
10:18 of 1st period - Deflect By Nick Schmaltz.
10:18 of 1st period - Shot Misses the Net.
10:18 of 1st period - Puck is out of play.
10:19 of 1st period - Matthew Tkachuk wins face-off versus Dylan Larkin in Sharks zone.
11:27 of 1st period - Nick Schultz is hit by Patric Hornqvist and loses puck.
11:46 of 1st period - Jonathan Drouin is hit by Carl Gunnarsson and loses puck.
12:03 of 1st period - Snap shot by Brendan Gallagher.
12:03 of 1st period - Shot Blocked by Tyson Barrie.
12:05 of 1st period - Wrist shot by Matt Duchene.
12:05 of 1st period - Deflect By Brendan Gallagher.
12:05 of 1st period - Goal by Brendan Gallagher - Maroons : 1 - Sharks : 1.
12:06 of 1st period - Patric Hornqvist wins face-off versus Bo Horvat in neutral zone.
12:31 of 1st period - Patric Hornqvist is hit by Zack Kassian and loses puck.
12:57 of 1st period - Minor Penalty to Christopher Tanev for Holding.
12:58 of 1st period - Sidney Crosby wins face-off versus Jakub Voracek in Maroons zone.
13:04 of 1st period - Wrist shot by Sidney Crosby.
13:04 of 1st period - Stopped by Chad Johnson with a rebound.
13:06 of 1st period - Wrist shot by Justin Braun.
13:06 of 1st period - Deflect By Jonathan Huberdeau.
13:06 of 1st period - Stopped by Chad Johnson without a rebound.
13:07 of 1st period - Sidney Crosby wins face-off versus Matt Duchene in Maroons zone.
13:10 of 1st period - Wrist shot by Patric Hornqvist.
13:10 of 1st period - Stopped by Chad Johnson with a rebound.
13:12 of 1st period - Slapshot by Justin Braun.
13:12 of 1st period - Deflect By Jonathan Huberdeau.
13:12 of 1st period - Shot Blocked by Matt Duchene.
13:12 of 1st period - Puck is out of play.
13:13 of 1st period - Sidney Crosby wins face-off versus Jakub Voracek in Maroons zone.
13:14 of 1st period - Snap shot by Jonathan Huberdeau.
13:14 of 1st period - Goal by Jonathan Huberdeau - Maroons : 1 - Sharks : 2.
13:15 of 1st period - Sidney Crosby wins face-off versus Bo Horvat in neutral zone.
13:22 of 1st period - Snap shot by Sidney Crosby.
13:22 of 1st period - Stopped by Chad Johnson without a rebound.
13:23 of 1st period - Sidney Crosby wins face-off versus Bo Horvat in Maroons zone.
13:46 of 1st period - Gabriel Landeskog is hit by Jakub Voracek and loses puck.
14:22 of 1st period - Wrist shot by Jakub Voracek.
14:22 of 1st period - Shot Misses the Net.
14:39 of 1st period - Jakub Voracek is hit by Jonathan Drouin.
14:49 of 1st period - Justin Braun is hit by Jacob Trouba and loses puck.
15:19 of 1st period - Snap shot by Bo Horvat.
15:19 of 1st period - Stopped by Joonas Korpisalo with a rebound.
15:52 of 1st period - Icing by Matthew Tkachuk.
15:53 of 1st period - Dylan Larkin wins face-off versus Bo Horvat in Maroons zone.
15:54 of 1st period - Snap shot by Patric Hornqvist.
15:54 of 1st period - Shot Misses the Net.
16:44 of 1st period - Slapshot by Torey Krug.
16:44 of 1st period - Deflect By Alex Pietrangelo.
16:44 of 1st period - Stopped by Joonas Korpisalo with a rebound.
16:46 of 1st period - Snap shot by John Hayden.
16:46 of 1st period - Shot Blocked by Braydon Coburn.
16:48 of 1st period - Wrist shot by Beau Bennett.
16:48 of 1st period - Shot Blocked by Alex Pietrangelo.
16:50 of 1st period - Wrist shot by Beau Bennett.
16:50 of 1st period - Stopped by Joonas Korpisalo with a rebound.
16:52 of 1st period - Wrist shot by Frederik Gauthier.
16:52 of 1st period - Shot Misses the Net.
17:21 of 1st period - Off-side.
17:22 of 1st period - Brian Gibbons wins face-off versus Matt Duchene in neutral zone.
17:27 of 1st period - Icing by Carl Gunnarsson.
17:28 of 1st period - Matt Duchene wins face-off versus Patric Hornqvist in Maroons zone.
17:33 of 1st period - Slapshot by Matt Duchene.
17:33 of 1st period - Stopped by Joonas Korpisalo with a rebound.
17:58 of 1st period - Matt Duchene is hit by Steve Bernier and loses puck.
18:22 of 1st period - Christopher Tanev is hit by Boone Jenner and loses puck.
19:02 of 1st period - Beau Bennett is hit by Alex Pietrangelo.
Goals for this period are 1 for Maroons vs 2 for Sharks.
Shots for this period are 7 for Maroons vs 15 for Sharks.

2nd period


0:01 of 2nd period - Bo Horvat wins face-off versus Dylan Larkin in neutral zone.
0:10 of 2nd period - Snap shot by Jakub Voracek.
0:10 of 2nd period - Shot Blocked by Teuvo Teravainen.
0:18 of 2nd period - Jakub Voracek is hit by Dylan Larkin and loses puck.
0:37 of 2nd period - Teuvo Teravainen is hit by Zack Kassian and loses puck.
0:56 of 2nd period - Snap shot by Beau Bennett.
0:56 of 2nd period - Shot Blocked by Tyson Barrie.
1:20 of 2nd period - Erik Karlsson is hit by Gabriel Landeskog and loses puck.
1:48 of 2nd period - Cal Clutterbuck is hit by Colton Sceviour and loses puck.
1:53 of 2nd period - Wrist shot by Colton Sceviour.
1:53 of 2nd period - Deflect By Brian Gibbons.
1:53 of 2nd period - Shot Blocked by Jacob Trouba.
1:53 of 2nd period - Puck is out of play.
1:54 of 2nd period - Bo Horvat wins face-off versus Sidney Crosby in Maroons zone.
2:42 of 2nd period - Minor Penalty to Braydon Coburn for Roughing.
2:43 of 2nd period - Colton Sceviour wins face-off versus Matt Duchene in Sharks zone.
3:21 of 2nd period - Wrist shot by Bo Horvat.
3:21 of 2nd period - Stopped by Joonas Korpisalo with a rebound.
3:23 of 2nd period - Wrist shot by Cal Clutterbuck.
3:23 of 2nd period - Shot Blocked by Dan Girardi.
4:08 of 2nd period - Zach Werenski is hit by Cal Clutterbuck and loses puck.
4:42 of 2nd period - Penalty to Braydon Coburn is over, Braydon Coburn is back on ice.
4:44 of 2nd period - Snap shot by Jonathan Huberdeau.
4:44 of 2nd period - Stopped by Chad Johnson with a rebound.
5:08 of 2nd period - Slapshot by Nick Schmaltz.
5:08 of 2nd period - Stopped by Joonas Korpisalo without a rebound.
5:09 of 2nd period - Sidney Crosby wins face-off versus Frederik Gauthier in Sharks zone.
5:14 of 2nd period - Nick Schultz is hit by Jonathan Drouin and loses puck.
5:21 of 2nd period - Snap shot by Beau Bennett.
5:21 of 2nd period - Stopped by Joonas Korpisalo without a rebound.
5:22 of 2nd period - Dylan Larkin wins face-off versus Pierre-Luc Dubois in Sharks zone.
5:51 of 2nd period - Off-side.
5:52 of 2nd period - Sidney Crosby wins face-off versus Bo Horvat in neutral zone.
6:02 of 2nd period - Slapshot by Dan Girardi.
6:02 of 2nd period - Stopped by Chad Johnson with a rebound.
6:04 of 2nd period - Backhand shot by Dan Girardi.
6:04 of 2nd period - Shot Misses the Net.
6:06 of 2nd period - Slapshot by Justin Braun.
6:06 of 2nd period - Stopped by Chad Johnson with a rebound.
6:08 of 2nd period - Slapshot by Dan Girardi.
6:08 of 2nd period - Stopped by Chad Johnson with a rebound.
6:10 of 2nd period - Snap shot by Justin Braun.
6:10 of 2nd period - Shot Blocked by Christopher Tanev.
6:12 of 2nd period - Wrist shot by Sidney Crosby.
6:12 of 2nd period - Shot Misses the Net.
6:14 of 2nd period - Slapshot by Dan Girardi.
6:14 of 2nd period - Deflect By Jonathan Drouin.
6:14 of 2nd period - Stopped by Chad Johnson with a rebound.
6:20 of 2nd period - Gabriel Landeskog is hit by Jakub Voracek and loses puck.
6:45 of 2nd period - Wrist shot by Jakub Voracek.
6:45 of 2nd period - Shot Blocked by Gabriel Landeskog.
6:47 of 2nd period - Slapshot by Torey Krug.
6:47 of 2nd period - Shot Blocked by Tyson Barrie.
6:49 of 2nd period - Slapshot by Matthew Tkachuk.
6:49 of 2nd period - Stopped by Joonas Korpisalo with a rebound.
7:17 of 2nd period - Jakub Voracek is hit by Gabriel Landeskog and loses puck.
8:21 of 2nd period - Off-side.
8:22 of 2nd period - Dylan Larkin wins face-off versus Matt Duchene in neutral zone.
8:55 of 2nd period - Wrist shot by Nick Schmaltz.
8:55 of 2nd period - Stopped by Joonas Korpisalo with a rebound.
8:57 of 2nd period - Snap shot by Zack Kassian.
8:57 of 2nd period - Deflect By Nick Schmaltz.
8:57 of 2nd period - Stopped by Joonas Korpisalo with a rebound.
8:59 of 2nd period - Snap shot by Jacob Trouba.
8:59 of 2nd period - Shot Misses the Net.
9:09 of 2nd period - John Hayden is hit by Steve Bernier and loses puck.
9:28 of 2nd period - Dylan Larkin is hit by Brendan Gallagher and loses puck.
9:35 of 2nd period - Wrist shot by Justin Braun.
9:35 of 2nd period - Shot Blocked by Carl Gunnarsson.
9:37 of 2nd period - Slapshot by Dylan Larkin.
9:37 of 2nd period - Stopped by Chad Johnson with a rebound.
10:44 of 2nd period - Off-side.
10:45 of 2nd period - Colton Sceviour wins face-off versus Frederik Gauthier in neutral zone.
10:48 of 2nd period - Jacob Trouba is hit by Steve Bernier and loses puck.
11:05 of 2nd period - John Hayden is hit by Boone Jenner and loses puck.
11:12 of 2nd period - Snap shot by Jonathan Huberdeau.
11:12 of 2nd period - Shot Misses the Net.
11:26 of 2nd period - Nick Schmaltz is hit by Tyson Barrie and loses puck.
11:52 of 2nd period - Zack Kassian is hit by Colton Sceviour and loses puck.
12:02 of 2nd period - Icing by Pierre-Luc Dubois.
12:03 of 2nd period - Matt Duchene wins face-off versus Boone Jenner in Maroons zone.
12:37 of 2nd period - Snap shot by Dylan Larkin.
12:37 of 2nd period - Stopped by Chad Johnson without a rebound.
12:38 of 2nd period - Jakub Voracek wins face-off versus Boone Jenner in Maroons zone.
12:38 of 2nd period - Jakub Voracek is hit by Braydon Coburn.
12:41 of 2nd period - Minor Penalty to Matthew Tkachuk for Roughing.
12:42 of 2nd period - Sidney Crosby wins face-off versus Jakub Voracek in Maroons zone.
13:04 of 2nd period - Jakub Voracek is hit by Patric Hornqvist and loses puck.
14:41 of 2nd period - Penalty to Matthew Tkachuk is over, Matthew Tkachuk is back on ice.
16:01 of 2nd period - Off-side.
16:02 of 2nd period - Nick Schmaltz wins face-off versus Colton Sceviour in neutral zone.
16:11 of 2nd period - Zack Kassian is hit by Dan Girardi and loses puck.
16:26 of 2nd period - Torey Krug is hit by Jonathan Huberdeau and loses puck.
16:33 of 2nd period - Bo Horvat is hit by Tyson Barrie and loses puck.
17:48 of 2nd period - Wrist shot by Boone Jenner.
17:48 of 2nd period - Shot Misses the Net.
17:50 of 2nd period - Slapshot by Zach Werenski.
17:50 of 2nd period - Stopped by Chad Johnson without a rebound.
17:51 of 2nd period - Boone Jenner wins face-off versus Bo Horvat in Maroons zone.
18:06 of 2nd period - Snap shot by Matthew Tkachuk.
18:06 of 2nd period - Shot Misses the Net.
18:16 of 2nd period - Slapshot by Zach Werenski.
18:16 of 2nd period - Stopped by Chad Johnson without a rebound.
18:17 of 2nd period - Dylan Larkin wins face-off versus Matt Duchene in Maroons zone.
18:18 of 2nd period - Snap shot by Teuvo Teravainen.
18:18 of 2nd period - Stopped by Chad Johnson with a rebound.
18:30 of 2nd period - Slapshot by Brendan Gallagher.
18:30 of 2nd period - Shot Misses the Net.
18:32 of 2nd period - Snap shot by Brendan Gallagher.
18:32 of 2nd period - Stopped by Joonas Korpisalo without a rebound.
18:33 of 2nd period - Jakub Voracek wins face-off versus Sidney Crosby in Sharks zone.
18:36 of 2nd period - Wrist shot by Matthew Tkachuk.
18:36 of 2nd period - Shot Misses the Net.
18:38 of 2nd period - Wrist shot by Jakub Voracek.
18:38 of 2nd period - Shot Blocked by Alex Pietrangelo.
18:40 of 2nd period - Slapshot by Erik Karlsson.
18:40 of 2nd period - Shot Blocked by Jonathan Drouin.
18:42 of 2nd period - Slapshot by Jacob Trouba.
18:42 of 2nd period - Stopped by Joonas Korpisalo without a rebound.
18:43 of 2nd period - Bo Horvat wins face-off versus Sidney Crosby in Sharks zone.
18:44 of 2nd period - Wrist shot by Jakub Voracek.
18:44 of 2nd period - Shot Misses the Net.
18:56 of 2nd period - Gabriel Landeskog is hit by Bo Horvat and loses puck.
19:01 of 2nd period - Snap shot by Matthew Tkachuk.
19:01 of 2nd period - Shot Misses the Net.
19:03 of 2nd period - Wrist shot by Matthew Tkachuk.
19:03 of 2nd period - Stopped by Joonas Korpisalo without a rebound.
19:04 of 2nd period - Matt Duchene wins face-off versus Teuvo Teravainen in Sharks zone.
19:05 of 2nd period - Snap shot by Brendan Gallagher.
19:05 of 2nd period - Shot Blocked by Patric Hornqvist.
19:19 of 2nd period - Snap shot by Brendan Gallagher.
19:19 of 2nd period - Shot Misses the Net.
19:28 of 2nd period - Icing by Dylan Larkin.
19:29 of 2nd period - Bo Horvat wins face-off versus Patric Hornqvist in Sharks zone.
19:30 of 2nd period - Snap shot by Jakub Voracek.
19:30 of 2nd period - Shot Blocked by Dan Girardi.
19:39 of 2nd period - Icing by Erik Karlsson.
19:40 of 2nd period - Sidney Crosby wins face-off versus Bo Horvat in Maroons zone.
19:57 of 2nd period - Snap shot by Sidney Crosby.
19:57 of 2nd period - Stopped by Chad Johnson without a rebound.
19:58 of 2nd period - Matt Duchene wins face-off versus Dylan Larkin in Maroons zone.
Goals for this period are 0 for Maroons vs 0 for Sharks.
Shots for this period are 9 for Maroons vs 11 for Sharks.

3rd period


0:01 of 3rd period - Bo Horvat wins face-off versus Dylan Larkin in neutral zone.
0:30 of 3rd period - Zack Kassian is hit by Alex Pietrangelo and loses puck.
0:49 of 3rd period - Brendan Gallagher is hit by Sidney Crosby and loses puck.
1:20 of 3rd period - Slapshot by Jakub Voracek.
1:20 of 3rd period - Shot Misses the Net.
1:22 of 3rd period - Snap shot by Torey Krug.
1:22 of 3rd period - Shot Blocked by Dan Girardi.
1:38 of 3rd period - Snap shot by Steve Bernier.
1:38 of 3rd period - Stopped by Chad Johnson without a rebound.
1:39 of 3rd period - Sidney Crosby wins face-off versus Matt Duchene in Maroons zone.
2:15 of 3rd period - Wrist shot by Mikkel Boedker.
2:15 of 3rd period - Shot Blocked by Jakub Voracek.
2:25 of 3rd period - Snap shot by Matthew Tkachuk.
2:25 of 3rd period - Shot Hit the Post.
2:27 of 3rd period - Wrist shot by Nick Schmaltz.
2:27 of 3rd period - Shot Blocked by Dan Girardi.
2:29 of 3rd period - Snap shot by Zack Kassian.
2:29 of 3rd period - Shot Misses the Net.
2:31 of 3rd period - Slapshot by Jacob Trouba.
2:31 of 3rd period - Stopped by Joonas Korpisalo without a rebound.
2:32 of 3rd period - Teuvo Teravainen wins face-off versus Nick Schmaltz in Sharks zone.
2:37 of 3rd period - Slapshot by Nick Schmaltz.
2:37 of 3rd period - Shot Blocked by Braydon Coburn.
2:45 of 3rd period - Snap shot by Nick Schmaltz.
2:45 of 3rd period - Shot Misses the Net.
3:35 of 3rd period - Snap shot by Erik Karlsson.
3:35 of 3rd period - Deflect By Dylan Larkin.
3:35 of 3rd period - Stopped by Joonas Korpisalo with a rebound.
3:37 of 3rd period - Snap shot by Pierre-Luc Dubois.
3:37 of 3rd period - Deflect By Braydon Coburn.
3:37 of 3rd period - Stopped by Joonas Korpisalo with a rebound.
3:39 of 3rd period - Slapshot by Jacob Trouba.
3:39 of 3rd period - Shot Blocked by Patric Hornqvist.
3:41 of 3rd period - Snap shot by Pierre-Luc Dubois.
3:41 of 3rd period - Stopped by Joonas Korpisalo with a rebound.
3:43 of 3rd period - Slapshot by Zack Kassian.
3:43 of 3rd period - Goal by Zack Kassian - Maroons : 2 - Sharks : 2.
3:44 of 3rd period - Gabriel Landeskog wins face-off versus Bo Horvat in neutral zone.
4:11 of 3rd period - Jakub Voracek is hit by Dan Girardi and loses puck.
4:18 of 3rd period - Slapshot by Colton Sceviour.
4:18 of 3rd period - Shot Misses the Net.
4:20 of 3rd period - Slapshot by Brian Gibbons.
4:20 of 3rd period - Shot Misses the Net.
5:02 of 3rd period - Wrist shot by Jakub Voracek.
5:02 of 3rd period - Shot Misses the Net.
5:25 of 3rd period - Wrist shot by Jakub Voracek.
5:25 of 3rd period - Shot Misses the Net.
5:27 of 3rd period - Slapshot by Torey Krug.
5:27 of 3rd period - Stopped by Joonas Korpisalo with a rebound.
5:29 of 3rd period - Snap shot by Matthew Tkachuk.
5:29 of 3rd period - Goal by Matthew Tkachuk - Maroons : 3 - Sharks : 2.
5:30 of 3rd period - Sidney Crosby wins face-off versus Matt Duchene in neutral zone.
5:56 of 3rd period - Icing by Justin Braun.
5:57 of 3rd period - Dylan Larkin wins face-off versus Nick Schmaltz in Sharks zone.
6:04 of 3rd period - Slapshot by Justin Braun.
6:04 of 3rd period - Deflect By Patric Hornqvist.
6:04 of 3rd period - Shot Misses the Net.
6:04 of 3rd period - Puck is out of play.
6:05 of 3rd period - Sidney Crosby wins face-off versus Matt Duchene in Maroons zone.
6:09 of 3rd period - Minor Penalty to Brendan Gallagher for Cross-checking.
6:10 of 3rd period - Patric Hornqvist wins face-off versus Jakub Voracek in Maroons zone.
6:24 of 3rd period - Snap shot by Sidney Crosby.
6:24 of 3rd period - Shot Misses the Net.
8:03 of 3rd period - Snap shot by Matthew Tkachuk.
8:03 of 3rd period - Stopped by Joonas Korpisalo without a rebound.
8:04 of 3rd period - Sidney Crosby wins face-off versus Jakub Voracek in Sharks zone.
8:09 of 3rd period - Penalty to Brendan Gallagher is over, Brendan Gallagher is back on ice.
9:12 of 3rd period - Minor Penalty to Zack Kassian for Hooking.
9:13 of 3rd period - Dylan Larkin wins face-off versus Jakub Voracek in Maroons zone.
9:19 of 3rd period - Wrist shot by Jonathan Drouin.
9:19 of 3rd period - Goal by Jonathan Drouin - Maroons : 3 - Sharks : 3.
9:20 of 3rd period - Matt Duchene wins face-off versus Sidney Crosby in neutral zone.
10:10 of 3rd period - Wrist shot by Beau Bennett.
10:10 of 3rd period - Stopped by Joonas Korpisalo without a rebound.
10:11 of 3rd period - Frederik Gauthier wins face-off versus Boone Jenner in Sharks zone.
10:12 of 3rd period - Snap shot by Beau Bennett.
10:12 of 3rd period - Stopped by Joonas Korpisalo with a rebound.
10:14 of 3rd period - Slapshot by John Hayden.
10:14 of 3rd period - Shot Blocked by Dan Girardi.
10:49 of 3rd period - Wrist shot by John Hayden.
10:49 of 3rd period - Shot Misses the Net.
10:51 of 3rd period - Slapshot by Beau Bennett.
10:51 of 3rd period - Stopped by Joonas Korpisalo with a rebound.
11:28 of 3rd period - Wrist shot by John Hayden.
11:28 of 3rd period - Shot Misses the Net.
11:30 of 3rd period - Backhand shot by Carl Gunnarsson.
11:30 of 3rd period - Stopped by Joonas Korpisalo with a rebound.
12:02 of 3rd period - Backhand shot by John Hayden.
12:02 of 3rd period - Shot Misses the Net.
12:06 of 3rd period - Wrist shot by Beau Bennett.
12:06 of 3rd period - Shot Misses the Net.
12:08 of 3rd period - Slapshot by Carl Gunnarsson.
12:08 of 3rd period - Stopped by Joonas Korpisalo with a rebound.
12:10 of 3rd period - Slapshot by Carl Gunnarsson.
12:10 of 3rd period - Shot Blocked by Justin Braun.
12:12 of 3rd period - Wrist shot by Beau Bennett.
12:12 of 3rd period - Stopped by Joonas Korpisalo with a rebound.
12:25 of 3rd period - Justin Braun is hit by John Hayden and loses puck.
13:18 of 3rd period - Minor Penalty to Nick Schultz for Hooking.
13:19 of 3rd period - Jonathan Drouin wins face-off versus Jakub Voracek in Maroons zone.
15:18 of 3rd period - Penalty to Nick Schultz is over, Nick Schultz is back on ice.
16:03 of 3rd period - Matthew Tkachuk is hit by Gabriel Landeskog and loses puck.
17:02 of 3rd period - Dylan Larkin is hit by Bo Horvat.
17:44 of 3rd period - Matt Duchene is hit by Jonathan Drouin and loses puck.
18:57 of 3rd period - Dylan Larkin is hit by Christopher Tanev and loses puck.
Goals for this period are 2 for Maroons vs 1 for Sharks.
Shots for this period are 14 for Maroons vs 2 for Sharks.

Overtime #1


0:01 of 1st overtime period - Sidney Crosby wins face-off versus Bo Horvat in neutral zone.
0:06 of 1st overtime period - Snap shot by Sidney Crosby.
0:06 of 1st overtime period - Stopped by Chad Johnson with a rebound.
0:08 of 1st overtime period - Slapshot by Braydon Coburn.
0:08 of 1st overtime period - Stopped by Chad Johnson with a rebound.
0:33 of 1st overtime period - Snap shot by Jonathan Drouin.
0:33 of 1st overtime period - Stopped by Chad Johnson without a rebound.
0:34 of 1st overtime period - Sidney Crosby wins face-off versus Matt Duchene in Maroons zone.
0:37 of 1st overtime period - Snap shot by Sidney Crosby.
0:37 of 1st overtime period - Stopped by Chad Johnson with a rebound.
0:59 of 1st overtime period - Slapshot by Jonathan Drouin.
0:59 of 1st overtime period - Shot Misses the Net.
1:17 of 1st overtime period - Snap shot by Justin Braun.
1:17 of 1st overtime period - Deflect By Sidney Crosby.
1:17 of 1st overtime period - Shot Misses the Net.
1:17 of 1st overtime period - Puck is out of play.
1:18 of 1st overtime period - Matt Duchene wins face-off versus Sidney Crosby in Maroons zone.
2:48 of 1st overtime period - Jakub Voracek is hit by Justin Braun.
3:52 of 1st overtime period - Slapshot by Dan Girardi.
3:52 of 1st overtime period - Shot Hit the Post.
4:04 of 1st overtime period - Slapshot by Patric Hornqvist.
4:04 of 1st overtime period - Stopped by Chad Johnson without a rebound.
4:05 of 1st overtime period - Bo Horvat wins face-off versus Boone Jenner in Maroons zone.
4:16 of 1st overtime period - Slapshot by Bo Horvat.
4:16 of 1st overtime period - Shot Misses the Net.
4:39 of 1st overtime period - Wrist shot by Boone Jenner.
4:39 of 1st overtime period - Stopped by Chad Johnson with a rebound.
4:53 of 1st overtime period - Wrist shot by Boone Jenner.
4:53 of 1st overtime period - Shot Blocked by Jakub Voracek.
4:55 of 1st overtime period - Slapshot by Justin Braun.
4:55 of 1st overtime period - Stopped by Chad Johnson without a rebound.
4:56 of 1st overtime period - Matt Duchene wins face-off versus Sidney Crosby in Maroons zone.
Goals for this period are 0 for Maroons vs 0 for Sharks.
Shots for this period are 0 for Maroons vs 7 for Sharks.

ShootOut


5:00 of 1st overtime period - Penalty Shot by Jakub Voracek for Maroons.
5:00 of 1st overtime period - Wrist shot by Jakub Voracek.
5:00 of 1st overtime period - Stopped by Joonas Korpisalo.
5:00 of 1st overtime period - Penalty Shot by Sidney Crosby for Sharks.
5:00 of 1st overtime period - Backhand shot by Sidney Crosby.
5:00 of 1st overtime period - Stopped by Chad Johnson.
5:00 of 1st overtime period - Penalty Shot by Matt Duchene for Maroons.
5:00 of 1st overtime period - Snap shot by Matt Duchene.
5:00 of 1st overtime period - Stopped by Joonas Korpisalo.
5:00 of 1st overtime period - Penalty Shot by Gabriel Landeskog for Sharks.
5:00 of 1st overtime period - Wrist shot by Gabriel Landeskog.
5:00 of 1st overtime period - Stopped by Chad Johnson.
5:00 of 1st overtime period - Penalty Shot by Bo Horvat for Maroons.
5:00 of 1st overtime period - Wrist shot by Bo Horvat.
5:00 of 1st overtime period - Goal by Bo Horvat.
5:00 of 1st overtime period - Penalty Shot by Jonathan Huberdeau for Sharks.
5:00 of 1st overtime period - Deke by Jonathan Huberdeau.
5:00 of 1st overtime period - Stopped by Chad Johnson.